 Dungeon Crawl Stone Soup version 0.31-a0-664-g902f515a81 (webtiles) character file.

Game seed: 17611385936397766905

804 greenreed the Ruffian (level 8, -6/58 HPs)
             Began as a Djinni Shapeshifter on Sept 2, 2023.
             Mangled by a gnoll sergeant
             ... wielding a +2 trident of venom
              (10 damage)
             ... on level 5 of the Dungeon.
             The game lasted 00:08:31 (4552 turns).

greenreed the Ruffian (Djinni Shapeshifter)         Turns: 4552, Time: 00:08:31

Health: -6/58      AC:  9    Str: 15    XL:     8   Next: 14%
Gold:   207        EV: 11    Int: 13    God:
                   SH:  0    Dex: 12

rFire   + +          .
                       - Unarmed
rCold   x . .        (no shield)
rNeg    . . .        u - +4 ring mail
rPois   ∞            (helmet currently unavailable)
rElec   .            (cloak currently unavailable)
rCorr   .            (gloves currently unavailable)
SInv    .            (boots unavailable)
Will    .....        (no amulet)
Stlth   +            o - +4 ring of slaying
HPRegen 0.29/turn    (no ring)
MPRegen 0.00/turn

%: infuse magic (-7 HP)
@: beast-form, flying
A: beast (slay +2), flying, sickness immunity, fire resistance 2, cold
vulnerability 1, float, innate caster, HP casting, extra vitality 1
a: Begin Untransformation


You were on level 5 of the Dungeon.
You were a hulking beast.
You visited 1 branch of the dungeon, and saw 5 of its levels.
You also visited: Ossuary.

You collected 207 gold pieces.

Inventory:

Hand Weapons
 v - a +2 hand axe of electrocution
Armour
 s - an orb of light
 u - a +4 ring mail (worn)
Jewellery
 o - a +4 ring of slaying (left hand)
Talismans
 c - a beast talisman (active)
 d - a flux talisman
Scrolls
 b - 3 scrolls of enchant weapon {unknown}
 e - 2 scrolls of teleportation {unknown}
 g - a scroll of silence {unknown}
 h - a scroll of enchant armour {unknown}
 j - a scroll of immolation {unknown}
 k - 2 scrolls of noise {unknown}
 l - a scroll of blinking {unknown}
 m - 3 scrolls of identify {unknown}
 x - a scroll of fog {unknown}
Potions
 a - a potion of ambrosia {unknown}
 f - 3 potions of curing {unknown}
 i - 4 potions of heal wounds {unknown}
 n - a potion of haste {unknown}
 p - a potion of berserk rage {unknown}
 q - a potion of brilliance {unknown}
 r - 2 potions of mutation {unknown}
 t - a potion of lignification
 w - a potion of degeneration {unknown}


   Skills:
 * Level 4.3 Fighting
 + Level 4.0 Dodging
 * Level 5.3 Unarmed Combat
 + Level 1.5 Spellcasting
 + Level 1.5 Conjurations
 + Level 1.5 Hexes
   Level 0.0 Charms
 + Level 1.5 Summonings
 + Level 1.5 Necromancy
 + Level 1.5 Translocations
 + Level 1.5 Transmutations
 + Level 1.5 Fire Magic
 + Level 1.5 Ice Magic
 + Level 1.5 Air Magic
 + Level 1.5 Earth Magic
 + Level 1.5 Poison Magic
 * Level 4.3 Shapeshifting


You knew the following spells:

 Your Spells              Type           Power      Damage    Failure   Level
a - Necrotise             Necr           16%        1d4       28%         1
b - Wereblood             Tmut           4%         N/A       41%         2
c - Scorch                Fire           8%         2d5       41%         2
Your spell library was empty.

Dungeon Overview and Level Annotations

Branches:
Dungeon (5/15)            Ossuary (visited)
 Temple: D:4-7

Altars:


Innate Abilities, Weirdness & Mutations

You are a hulking beast.
Your limbs bulge with bestial killing power. (Slay +2)
You are flying.
You are immune to sickness and miasma.
You are immune to poison.
Your flesh is very heat resistant. (rF++)
You are vulnerable to cold. (rC-)
You float through the air rather than walking.
You learn spells naturally, not from books.
Your magical power is your life essence.
You have superior vitality. (+4 MHP)


Message History

a +0 club; a gnoll corpse You hit the gnoll sergeant.
The gnoll sergeant is lightly wounded.
The gnoll sergeant hits you with a +2 trident of venom.
You punch the gnoll sergeant!
The gnoll sergeant is moderately wounded.
The gnoll sergeant closely misses you.
You hit the gnoll sergeant.
The gnoll sergeant is heavily wounded.
The gnoll sergeant barely misses you.
You closely miss the gnoll sergeant.
The gnoll sergeant is heavily wounded.
The gnoll sergeant hits you with a +2 trident of venom.
You hit the gnoll sergeant.
The gnoll sergeant is heavily wounded.
The gnoll sergeant hits you with a +2 trident of venom.
You hit the gnoll sergeant.
The gnoll sergeant is heavily wounded.
The gnoll sergeant hits you with a +2 trident of venom!
You hit the gnoll sergeant.
The gnoll sergeant is severely wounded.
The gnoll sergeant hits you with a +2 trident of venom.
You hit the gnoll sergeant.
The gnoll sergeant is severely wounded.
The gnoll sergeant hits you with a +2 trident of venom!
You hit the gnoll sergeant but do no damage.
The gnoll sergeant is severely wounded.
The gnoll sergeant hits you with a +2 trident of venom.
You hit the gnoll sergeant but do no damage.
The gnoll sergeant is severely wounded.
You closely miss the gnoll sergeant.
The gnoll sergeant is severely wounded.
The gnoll sergeant hits you with a +2 trident of venom!
* * * LOW HITPOINT WARNING * * *
You completely miss the gnoll sergeant.
The gnoll sergeant is severely wounded.
The gnoll sergeant hits you with a +2 trident of venom!
* * * LOW HITPOINT WARNING * * *
The gnoll sergeant hits you from afar with a +2 trident of venom!
You die...

##.####..########
.................
.................
#.#.##..#....##.
#.#.##..#....#
##.##)#.##..#....#
................#..
....#.#.##......+...
. # #h##....#.# ..
#)##....# #
#g##....# #g###.###


#lS .. .g. ## .... #..# #..# You could see a gnoll sergeant, an iguana, 2 gnolls
and an adder.

Vanquished Creatures
  Prince Ribbit (D:5)
  Sigmund (D:3)
  An elf zombie (Ossuary)
  A scorpion (D:5)
  A centaur zombie (Ossuary)
  An orc wizard (D:4)
  2 mummies (Ossuary)
  5 gnolls
  7 adders
  A white imp (D:5)
  A worm (D:2)
  3 adder zombies (Ossuary)
  2 dart slugs (D:1)
  2 orcs (D:4)
  8 endoplasms
  9 giant cockroaches
  8 goblins
  8 hobgoblins
  2 jackals (D:4)
  5 quokkas
  7 ball pythons
  4 bats
  2 frilled lizards (D:2)
  13 hobgoblin zombies (Ossuary)
  A jackal zombie (Ossuary)
  10 kobolds
  9 kobold zombies (Ossuary)
  7 orc zombies (Ossuary)
  8 rats
  A rat zombie (Ossuary)
131 creatures vanquished.

Notes
Turn   | Place    | Note
-------+----------+-------------------------------------------
     0 | D:1      | greenreed the Djinni Shapeshifter began the quest for the
                  | Orb.
     0 | D:1      | Reached XP level 1. HP: 17/17 MP: 0/0
    63 | D:1      | Reached XP level 2. HP: 12/22 MP: 0/0
   199 | D:1      | Found a faded altar of an unknown god.
   239 | D:1      | Reached XP level 3. HP: 27/27 MP: 0/0
   239 | D:1      | Learned a level 1 spell: Necrotise
   672 | D:2      | Reached XP level 4. HP: 29/33 MP: 0/0
  1075 | D:2      | Reached XP level 5. HP: 5/39 MP: 0/0
  1075 | D:2      | Learned a level 2 spell: Wereblood
  2015 | D:3      | Reached skill level 4 in Unarmed Combat
  2450 | D:3      | Noticed Sigmund
  2484 | D:3      | Killed Sigmund
  2485 | D:3      | Reached XP level 6. HP: 46/46 MP: 0/0
  2589 | D:4      | Found a sand-covered staircase.
  2594 | Ossuary  | Entered an ossuary
  2709 | Ossuary  | Reached XP level 7. HP: 46/50 MP: 0/0
  2709 | Ossuary  | Learned a level 2 spell: Scorch
  2720 | Ossuary  | Reached skill level 1 in Spellcasting
  2720 | Ossuary  | Reached skill level 1 in Conjurations
  2720 | Ossuary  | Reached skill level 1 in Hexes
  2720 | Ossuary  | Reached skill level 1 in Summonings
  2720 | Ossuary  | Reached skill level 1 in Necromancy
  2720 | Ossuary  | Reached skill level 1 in Translocations
  2720 | Ossuary  | Reached skill level 1 in Transmutations
  2720 | Ossuary  | Reached skill level 1 in Fire Magic
  2720 | Ossuary  | Reached skill level 1 in Ice Magic
  2720 | Ossuary  | Reached skill level 1 in Air Magic
  2720 | Ossuary  | Reached skill level 1 in Earth Magic
  2720 | Ossuary  | Reached skill level 1 in Poison Magic
  4154 | D:5      | Entered Level 5 of the Dungeon
  4164 | D:5      | Noticed Prince Ribbit
  4196 | D:5      | Killed Prince Ribbit
  4197 | D:5      | Reached skill level 5 in Unarmed Combat
  4197 | D:5      | Reached XP level 8. HP: 20/58 MP: 0/0
  4552 | D:5      | Mangled by a gnoll sergeant

Illustrated notes

Levels and vault maps discovered:
D:1:      reono_arrival_mine, layout_rooms, ebering_ecumenical_altar_abandoned
D:2:      layout_loops_corners, minmay_misc_feat_five
D:3:      layout_loops_cross, uniq_sigmund
D:4:      layout_layer_cave, enter_ossuary_5, kennysheep_decorative_pillar
D:5:      layout_basic, temple_statues, uniq_prince_ribbit1

Skill      XL: |  1  2  3  4  5  6  7  8 |
---------------+-------------------------+-----
Fighting       | 2 3 4 |  4.3
Shapeshifting  | 3 4 |  4.3
Dodging        | 3 4 |  4.0
Unarmed Combat | 4 5 |  5.3
Spellcasting   | 1 |  1.5
Conjurations   | 1 |  1.5
Hexes          | 1 |  1.5
Summonings     | 1 |  1.5
Necromancy     | 1 |  1.5
Translocations | 1 |  1.5
Transmutations | 1 |  1.5
Fire Magic     | 1 |  1.5
Ice Magic      | 1 |  1.5
Air Magic      | 1 |  1.5
Earth Magic    | 1 |  1.5
Poison Magic   | 1 |  1.5

Action                     |  1- 3 |  4- 6 |  7- 9 || total
---------------------------+-------+-------+-------++-------
  Melee: Unarmed           |    94 |   213 |   112 ||   419
         Punch             |     2 |     8 |     3 ||    13
    Use: Potion            |       |     2 |       ||     2
   Stab: Sleeping          |       |     1 |       ||     1
 Armour: Animal skin       |    43 |    87 |    32 ||   162
         Skin              |       |    10 |       ||    10
         Ring mail         |       |       |    44 ||    44
  Dodge: Dodged            |    47 |   117 |    54 ||   218

Table legend: (Time is in decaauts)
 A = Elapsed time spent in this place.
 B = Non-inter-level travel time spent in this place.
 C = Inter-level travel time spent in this place.
 D = Time resting spent in this place.
 E = Time spent auto-exploring this place.
 F = Levels seen in this place.
 G = Mean time per level.
                   A        B        C        D        E       F      G
               +--------+--------+--------+--------+--------+-----+--------+
         Total |   4520 |   4389 |    131 |    299 |   3263 |   6 |  753.3 |
       Dungeon |   4146 |   4015 |    131 |    159 |   3183 |   5 |  829.2 |
       Ossuary |    374 |    374 |      0 |    140 |     80 |   1 |  374.0 |
               +--------+--------+--------+--------+--------+-----+--------+

Top non-repeatable levels by time:
     D:2: 1225 daAuts
     D:4: 1200 daAuts
     D:3: 769 daAuts
     D:1: 555 daAuts
     D:5: 394 daAuts
 Ossuary: 374 daAuts
